 Dungeon Crawl Stone Soup version 0.26-b1-59-ge38874ec40 (webtiles) character file.

Game seed: 12613398969239142129

224 thedisplayname the Slasher (level 5, -2/39 (42) HPs)
             Began as a Demonspawn Chaos Knight on Jan 8, 2021.
             Was a Plaything of Xom.
             Killed by divine providence
             ... invoked by an orc priest
              (9 damage)
             ... on level 4 of the Dungeon.
             The game lasted 00:08:30 (2997 turns).

thedisplayname the Slasher (DsCK)                   Turns: 2997, Time: 00:08:31

HP:   -2/39 (42)    AC:  5    Str: 13      XL:     5   Next: 67%
MP:   5/5           EV: 12    Int: 15 (16) God:    Xom [......]
Gold: 226           SH:  0    Dex: 12      Spells: 4/4 levels left

rFire    . . .     SeeInvis .   a - +3 falchion (chaos)
rCold    . . .     Faith    .   (no shield)
rNeg     . . .     Spirit   .   b - +2 leather armour
rPois    +         Reflect  .   k - +2 hat
rElec    .         Harm     .   (no cloak)
rCorr    .         Rampage  .   (no gloves)
Will     .....                  (boots unavailable)
Stlth    +.........             (no amulet)
HPRegen  0.13/turn              (no ring)
MPRegen  0.09/turn              (no ring)

@: drained
A: beak, talons 3, clever 1, deformed body, poison resistance
a: Renounce Religion


You were on level 4 of the Dungeon.
You worshipped Xom.
You were a very special plaything of Xom.
You visited 1 branch of the dungeon, and saw 4 of its levels.

You collected 226 gold pieces.

Inventory:

Hand Weapons
 a - a +3 falchion of chaos (weapon)
Armour
 b - a +2 leather armour (worn)
 e - a +1 robe of resistance
 f - a +0 scale mail
 k - a +2 hat (worn)
 m - a +0 ring mail
Jewellery
 h - a cursed ring of teleportation
Scrolls
 c - 2 scrolls of teleportation
 g - a scroll of amnesia
 i - a scroll of remove curse
 o - a scroll of identify
Potions
 l - 3 potions of curing


   Skills:
 + Level 3.9 Fighting
 + Level 4.4 Long Blades
 + Level 2.5 Armour
 + Level 2.0 Dodging
 + Level 0.9 Stealth


You had 4 spell levels left.
You didn't know any spells.
Your spell library was empty.

Dungeon Overview and Level Annotations

Branches:
Dungeon (4/15)             Temple (0/1) D:4

Altars:
Elyvilon
Fedhas
Qazlal
Wu Jian


Innate Abilities, Weirdness & Mutations

You have claws for feet.
You have a beak for a mouth.
Your mind is acute. (Int +2)
Armour fits poorly on your strangely shaped body.
Your system is resistant to poisons. (rPois)


Message History

An orc, a phantom and a skeleton come into view.
An orc wizard comes into view. It is wielding a +0 dagger.
The orc wizard shouts!
The orc priest shouts!
You hear a shout!
A giant cockroach comes into view.
The orc priest mumbles some strange prayers to Beogh against you.
Beogh smites you!
A shower of butterflies erupts from you!
Okay, then.
Okay, then.
Okay, then.
Unknown command.
The orc priest invokes the aid of Beogh against you.
Beogh smites you!
* * * LOW HITPOINT WARNING * * *
A shower of butterflies erupts from you!
An orc comes into view. It is wielding a +0 dagger of venom.
The orc priest invokes the aid of Beogh against you.
Beogh smites you!
You die...
Xom snickers!

........# #.# .o......#
#.. #......# #.. #o.B...+
#.. #.oo..W###+## #..
#.(....##...# ####
#...b..##b..##########...
#..b..Z##................
#..b...b@.........####.##
#.....bb..b.......# #...
#.......b.........# ####
#.................# #.
#######........<..# #.
#########.########.
#.P.P.(.... #P.PP......
#PP_P.#....


You could see an orc priest, an orc wizard, an orc and a hound skeleton.

Vanquished Creatures
  An orc priest (D:2)
  2 orc wizards (D:2)
  Robin (D:2)
  5 adders
  An ooze (D:1)
  An adder skeleton (D:4)
  A worm (D:2)
  4 dart slugs
  3 leopard geckos
  3 orcs
  10 bats
  3 giant cockroaches
  12 goblins
  7 hobgoblins
  2 jackals (D:3)
  3 kobolds (D:2)
  A ball python (D:2)
  3 frilled lizards
  6 rats
69 creatures vanquished.

Vanquished Creatures (others)
  60 plants
60 creatures vanquished.

Grand Total: 129 creatures vanquished

Notes
Turn   | Place    | Note
-------+----------+-------------------------------------------
     0 | D:1      | thedisplayname the Demonspawn Chaos Knight began the quest
                  | for the Orb.
     0 | D:1      | Reached XP level 1. HP: 18/18 MP: 1/1
    28 | D:1      | XOM: silly message
    71 | D:1      | Reached skill level 1 in Dodging
    71 | D:1      | Gained mutation: You have sharp toenails. [demonic
                  | ancestry]
    71 | D:1      | Reached XP level 2. HP: 21/24 MP: 2/2
    74 | D:1      | Reached skill level 3 in Long Blades
   111 | D:1      | XOM: 2-stop teleportation journey
   342 | D:1      | XOM: 9-stop teleportation journey
   473 | D:1      | Gained mutation: You have razor-sharp toenails. [demonic
                  | ancestry]
   473 | D:1      | Reached XP level 3. HP: 29/29 MP: 3/3
   491 | D:1      | XOM: 4-stop teleportation journey
  1045 | D:2      | Found a white marble altar of Elyvilon.
  1108 | D:2      | Noticed Robin
  1284 | D:2      | Found a stormy altar of Qazlal.
  1314 | D:2      | Killed Robin
  1322 | D:2      | Reached XP level 4. HP: 31/35 MP: 4/4
  1596 | D:2      | Found an ornate altar of the Wu Jian Council.
  1908 | D:2      | XOM: blink monster(s)
  1988 | D:2      | Reached skill level 4 in Long Blades
  1990 | D:2      | Gained mutation: You have claws for feet. [demonic
                  | ancestry]
  1990 | D:2      | Reached XP level 5. HP: 15/42 MP: 5/5
  2401 | D:2      | XOM: draining
  2868 | D:3      | XOM: stat loss: -1 Int (13/14)
  2869 | D:3      | Gained mutation: Your system is resistant to poisons.
                  | (rPois) [potion of mutation]
  2869 | D:3      | Gained mutation: You have a beak for a mouth. [potion of
                  | mutation]
  2869 | D:3      | Gained mutation: Armour fits poorly on your strangely
                  | shaped body. [potion of mutation]
  2869 | D:3      | Gained mutation: Your mind is acute. (Int +2) [potion of
                  | mutation]
  2872 | D:4      | Found a blossoming altar of Fedhas.
  2872 | D:4      | Found a staircase to the Ecumenical Temple.
  2993 | D:4      | Noticed a phantom
  2994 | D:4      | XOM: butterfly on damage
  2996 | D:4      | XOM: butterfly on damage
  2997 | D:4      | Killed from afar by an orc priest

Illustrated notes

Levels and vault maps discovered:
D:1:      dpeg_arrival_tiny_i, layout_basic
D:2:      layout_basic, elyvilon_altar_5, pdpol_wu_jian_five_deadly_venoms,
          general_overflow_altar, kennysheep_boxes, uniq_robin
D:3:      layout_basic
D:4:      layout_basic, fedhas_altar_3, temple_pool_b,
          hellmonk_ghost_happy_afterlife

Skill      XL: |  1  2  3  4  5 |
---------------+----------------+-----
Dodging        | 1 2 |  2.0
Long Blades    | 3 4 |  4.4
Armour         | 2 |  2.5
Fighting       | |  3.9
Stealth        | |  0.9

Action                   |  1- 3 |  4- 6 || total
-------------------------+-------+-------++-------
Melee: Falchion          |   101 |    73 ||   174
       Kick              |    19 |    17 ||    36
       Peck              |       |     1 ||     1
  Use: Scroll            |     6 |     7 ||    13
       Potion            |     5 |     4 ||     9
 Stab: Sleeping          |     1 |       ||     1
Armor: Leather armour    |    41 |    21 ||    62
Dodge: Dodged            |    61 |    52 ||   113
       Rpst.: Falchion   |    21 |    16 ||    37
